 Dungeon Crawl Stone Soup version 0.23.0-2-g0fe3ce5905 (webtiles) character file.

Game seed: 12305077453523966371

104 Ivernyr the Insei (level 4, -1/22 HPs)
             Began as a Vine Stalker Transmuter on Feb 20, 2019.
             Slain by a hobgoblin
             ... wielding a +0 club
              (4 damage)
             ... on level 3 of the Dungeon.
             The game lasted 00:11:39 (1843 turns).

Ivernyr the Insei (Vine Stalker Transmuter)         Turns: 1843, Time: 00:11:40

Health: -1/22      AC:  4    Str: 12    XL:     4   Next: 80%
Magic:  0/18       EV: 13    Int: 14    God:
Gold:   151        SH:  0    Dex: 15    Spells: 7/8 levels left

rFire    + . .     SeeInvis .     - Unarmed
rCold    . . .     Gourm    .   (no shield)
rNeg     . . .     Faith    .   b - +0 robe {rF+}
rPois    +         Spirit   +   (no helmet)
rElec    .         Reflect  .   n - +1 cloak {rPois}
rCorr    .         Harm     .   (no gloves)
MR       .....                  (no boots)
Stlth    +.........             t - amulet of inaccuracy (curse)
HPRegen  0.47/turn              c - ring of magical power
MPRegen  0.16/turn              (no ring)

@: appendage
A: fangs 2, horns 2, regeneration 1, magic shield, antimagic bite, no potion
heal 3, rot immunity
a: End Transformation


You were on level 3 of the Dungeon.
You were not hungry.
You had grown temporary horns.
You visited 1 branch of the dungeon, and saw 3 of its levels.

You collected 151 gold pieces.

Inventory:

Missiles
 a - 90 arrows
Armour
 b - a +0 robe of fire resistance (worn)
 n - a +1 cloak of poison resistance (worn)
 p - a +0 shield
Jewellery
 c - a ring of magical power (left hand)
 t - a cursed amulet of inaccuracy (around neck)
Scrolls
 f - 2 scrolls of identify
 h - 3 scrolls of teleportation
 i - a scroll of magic mapping
 k - a scroll of amnesia
 m - a scroll of fear
 q - a scroll of enchant weapon
 r - a scroll of blinking
 u - a scroll of random uselessness
 v - a scroll of fog {unknown}
Potions
 e - 3 potions of ambrosia {unknown}
 g - a potion of flight {unknown}
 j - 3 potions of mutation {unknown}
 l - 2 potions of magic {unknown}
 o - 2 potions of might {unknown}
Comestibles
 d - 8 rations
 s - 5 chunks of flesh


   Skills:
 - Level 1.0 Fighting
 + Level 2.2 Dodging
 + Level 3.6 Unarmed Combat
 + Level 2.9 Spellcasting
 * Level 3.2 Transmutations


You had 7 spell levels left.
You knew the following spells:

 Your Spells              Type           Power        Failure   Level  Hunger
a - Beastly Appendage     Tmut           ##....       5%          1    #......

Your spell library contained the following spells:

 Spells                   Type           Power        Failure   Level  Hunger
 Sticks to Snakes         Tmut           ##......     9%          2    ##.....
 Spider Form              Tmut/Pois      #.........   32%         3    ###....
 Ice Form                 Ice/Tmut       #.......     73%         4    #####..
 Blade Hands              Tmut           ##........   83%         5    ######.


Dungeon Overview and Level Annotations

Branches:
Dungeon (3/15)

Altars:
Gozag


Innate Abilities, Weirdness & Mutations

You have extremely sharp teeth.
Your natural rate of healing is unusually fast.
When hurt, damage is shared between your health and your magic reserves.
Your bite disrupts and absorbs the magic of your enemies.
Potions cannot restore your health.
You are immune to rotting.
You have a pair of horns on your head.


Message History

The hobgoblin misses you.
You hit the hobgoblin. Your bite misses the hobgoblin.
The hobgoblin is moderately wounded.
The hobgoblin closely misses you.
You miss the hobgoblin. Your bite misses the hobgoblin.
The hobgoblin is moderately wounded.
The hobgoblin closely misses you.
The orc priest mumbles some strange prayers to Beogh against you.
Beogh smites you!
You hit the hobgoblin but do no damage.
The hobgoblin is moderately wounded.
The hobgoblin hits you but does no damage.
The orc priest invokes the aid of Beogh against you.
Beogh smites you!
* * * LOW HITPOINT WARNING * * *
You miss the hobgoblin. You headbutt the hobgoblin.
Your bite misses the hobgoblin.
The hobgoblin is heavily wounded.
The orc hits you but does no damage. The hobgoblin hits you with a +0 club.
You die...

#...####.# .........#
#. #...######## #.#
......# # ..##.#
...##.# #.#....'
..###.# #...#..#
...##.##.# #...#
....#.#.# #..###+###.#
...##..# #gg@o.o...#
...#...# #.###...###
.#.#...# ##.# .##
.#.#..#.## ##..# #
.#.#.[##.###...# #
...#..###...#..# .#
.###..##.......##.##
.###..##.#.##..#...####
.#.........##..........


You could see an orc priest, an orc and 2 hobgoblins.

Vanquished Creatures
  3 adders
  2 oozes
  A worm (D:3)
  2 dart slugs (D:2)
  A leopard gecko (D:3)
  4 orcs (D:3)
  6 giant cockroaches
  5 goblins
  7 hobgoblins
  5 jackals
  A bat (D:3)
  4 frilled lizards
  7 kobolds
  7 rats
55 creatures vanquished.

Notes
Turn   | Place    | Note
-------+----------+-------------------------------------------
     0 | D:1      | Ivernyr the Vine Stalker Transmuter began the quest for the
                  | Orb.
     0 | D:1      | Reached XP level 1. HP: 9/9 MP: 4/4
    14 | D:1      | Reached skill level 1 in Fighting
   225 | D:1      | Reached XP level 2. HP: 13/14 MP: 6/6
   725 | D:1      | Reached XP level 3. HP: 17/18 MP: 7/7
  1015 | D:2      | Found an opulent altar of Gozag.
  1347 | D:2      | Gained mutation: Your natural rate of healing is unusually
                  | fast. [Vine Stalker growth]
  1347 | D:2      | Reached XP level 4. HP: 20/22 MP: 9/9
  1597 | D:3      | Found a faded altar of an unknown god.
  1843 | D:3      | Slain by a hobgoblin

Skill      XL: |  1  2  3  4 |
---------------+-------------+-----
Fighting       | 1 |  1.0
Dodging        | 2 |  2.2
Transmutations | 3 |  3.2
Unarmed Combat | |  3.6
Spellcasting   | |  2.9

Action                   |  1- 3 |  4- 6 || total
-------------------------+-------+-------++-------
Melee: Unarmed           |   101 |    78 ||   179
       Headbutt          |     8 |     7 ||    15
       Bite              |    17 |    19 ||    36
       Kick              |     3 |     4 ||     7
 Cast: Beastly Appendage |    11 |     7 ||    18
  Use: Scroll            |       |     7 ||     7
 Stab: Sleeping          |     2 |     1 ||     3
       Distracted        |       |     1 ||     1
  Eat: Chunk             |     1 |     2 ||     3
Armor: Robe              |    10 |    14 ||    24
Dodge: Dodged            |    47 |    40 ||    87
